Map: Void Thrashing

Players

ViS

  • Race: Zerg Zerg

AznHopeful

  • Race: Terran Terran
  • Spawn Location: 6:00

VOD

Have the link to the VOD?

Description

Time

  • Played on: March 6, 2018, 11:01 p.m.
  • Length: 14:28
Show
View Real Time Build Order
Export as new Build Order

ViS Zerg 

Build Orders:  

Get SALT Encoding   

  18  0:03  Primal Drone  
  19  0:12  Primal Drone  
  19  0:18  Primal Drone  
  21  0:28  Extractor  
  21  0:51  Primal Warden  
  21  0:55  Primal Drone  
  23  1:04  Primal Drone  
  23  1:09  Primal Drone  
  25  1:18  Primal Drone  
  26  1:39  Extractor  
  26  1:40  Primal Drone  
  27  2:00  Primal Drone  
  27  2:02  Glevig's Den  
  27  2:10  Primal Drone x2  
  29  2:40  Primal Warden  
  29  2:44  Primal Drone x2  
  31  3:03  Primal Drone  
  37  3:14  Primal Hive  
  37  3:16  Primal Drone  
  37  3:18  Primal Zergling x2  
  40  3:45  Primal Drone  
  40  3:48  Primal Drone  
  40  3:49  Murvar's Den  
  41  4:17  Primal Drone x2  
  41  4:19  Primal Attacks Level 1  
  43  4:29  Primal Warden  
  44  4:51  Primal Drone x2  
  44  4:55  Primal Drone x3  
  49  5:04  Primal Hive  
  49  5:05  Primal Warden  
  49  5:24  Primal Drone  
  49  5:25  Primal Drone x2  
  49  5:27  Extractor  
  52  5:55  Primal Drone x4  
  56  6:04  Primal Drone  
  56  6:07  Dakrun's Den  
  56  6:41  Primal Drone x4  
  56  6:42  Primal Drone  
  56  6:45  Primal Swarm Host x6  
  74  7:01  Primal Drone x2  
  74  7:02  Primal Swarm Host  
  74  7:04  Extractor  
  79  7:12  Primal Drone  
  80  7:21  Primal Drone x2  
  82  7:48  Primal Drone x3  
  82  7:49  Primal Attacks Level 2  
  85  7:57  Primal Drone  
  85  7:58  Primal Swarm Host x2  
  92  8:13  Primal Drone  
  92  8:14  Primal Drone  
  92  8:19  Primal Drone  
  95  8:38  Primal Drone x3  
  98  8:41  Primal Swarm Host  
  98  8:42  Primal Swarm Host x3  
  98  8:49  Primal Drone  
  113  8:57  Primal Wurm  
  113  8:58  Primal Drone  
  114  9:05  Primal Wurm  
  114  9:49  Primal Swarm Host  
  117  9:50  Primal Swarm Host x6  
  135  10:07  Primal Drone x4  
  135  10:09  Primal Drone  
  140  10:31  Primal Swarm Host  
  140  10:32  Primal Swarm Host x4  
  155  11:04  Primal Swarm Host x3  
  164  11:26  Primal Drone x3  
  164  11:29  Primal Swarm Host x2  
  173  11:30  Primal Zergling  
  173  11:31  Primal Zergling x3  
  173  11:37  Primal Wurm  
  173  11:39  Primal Wurm  
  181  11:42  Primal Wurm  
  181  11:47  Primal Wurm  
  181  11:56  Primal Drone  
  182  12:01  Primal Drone  
  182  12:02  Primal Drone x2  
  170  13:31  Primal Swarm Host x7  
Show
View Real Time Build Order
Export as new Build Order

AznHopeful Terran 

Build Orders:  

Get SALT Encoding   

  12  0:07  SCV  
  13  0:24  SCV  
  13  0:41  SCV  
  13  0:48  Supply Depot  
  14  0:58  SCV  
  15  1:15  SCV  
  16  1:32  SCV  
  16  1:39  Command Center  
  17  1:49  SCV  
  18  2:06  SCV  
  19  2:13  Barracks  
  19  2:23  SCV  
  21  2:52  Orbital Command  
  20  3:05  Command Center  
  20  3:21  Orbital Command  
  20  3:33  SCV  
  21  3:50  SCV  
  21  3:59  Command Center  
  22  4:04  SCV  
  22  4:07  SCV  
  24  4:22  SCV  
  24  4:24  SCV  
  26  4:39  SCV  
  27  4:41  SCV  
  28  4:59  Orbital Command  
  28  5:00  SCV x2  
  30  5:10  Command Center  
  30  5:17  SCV x2  
  32  5:34  SCV x2  
  32  5:36  SCV  
  35  5:40  Command Center  
  35  5:51  SCV  
  35  5:53  Orbital Command  
  35  5:58  SCV x2  
  38  6:08  SCV  
  39  6:15  SCV x2  
  39  6:16  Command Center  
  41  6:25  SCV  
  42  6:32  SCV x2  
  44  6:51  Supply Depot  
  44  6:53  Supply Depot  
  44  6:54  Supply Depot  
  44  6:56  SCV x2  
  44  6:57  Supply Depot  
  46  7:00  Supply Depot  
  46  7:02  Supply Depot  
  46  7:03  Orbital Command  
  46  7:10  SCV x2  
  46  7:13  SCV  
  46  7:17  SCV  
  50  7:27  SCV  
  51  7:34  SCV  
  51  7:35  SCV  
  51  7:37  Orbital Command  
  53  7:48  SCV x3  
  56  7:56  Orbital Command  
  56  7:59  SCV x2  
  58  8:05  SCV x3  
  61  8:14  Supply Depot x2  
  61  8:16  SCV x2  
  61  8:17  Supply Depot  
  61  8:19  Supply Depot  
  63  8:21  Supply Depot  
  63  8:22  Supply Depot, SCV  
  63  8:29  SCV  
  65  8:30  SCV x2  
  65  8:33  SCV x2  
  65  8:35  SCV  
  65  8:39  SCV  
  71  8:46  SCV  
  71  8:47  SCV x2  
  71  8:49  SCV  
  74  8:50  SCV  
  74  8:52  SCV  
  74  8:55  SCV  
  78  9:03  SCV  
  78  9:04  SCV x2  
  78  9:06  SCV  
  78  9:07  SCV  
  78  9:09  SCV  
  84  9:12  SCV  
  85  9:20  SCV  
  85  9:21  SCV x2  
  85  9:23  SCV  
  85  9:24  SCV  
  85  9:25  SCV  
  85  9:29  SCV  
  92  9:37  SCV  
  92  9:38  SCV x2  
  95  9:40  SCV  
  95  9:41  SCV  
  95  9:42  SCV  
  95  9:46  SCV  
  99  9:54  SCV  
  99  9:55  SCV x2  
  99  9:57  SCV  
  99  9:58  SCV  
  99  9:59  SCV  
  105  10:03  SCV  
  106  10:11  SCV  
  106  10:12  SCV x2  
  106  10:14  SCV  
  106  10:15  SCV  
  106  10:16  SCV  
  112  10:20  SCV  
  112  10:28  SCV  
  112  10:29  SCV x2  
  116  10:31  SCV  
  116  10:32  SCV  
  116  10:33  SCV  
  116  10:37  SCV  
  120  10:45  SCV  
  120  10:46  SCV x2  
  120  10:48  SCV  
  120  10:49  SCV  
  125  10:50  SCV  
  125  10:54  SCV  
  127  11:02  SCV x3  
  127  11:05  SCV  
  127  11:06  SCV  
  127  11:07  SCV  
  133  11:11  SCV  
  133  11:19  SCV x3  
  137  11:22  SCV  
  137  11:23  SCV  
  137  11:24  SCV  
  137  11:28  SCV  
  141  11:36  SCV x3  
  141  11:39  SCV  
  145  11:40  SCV  
  145  11:41  SCV  
  145  11:45  SCV  
  148  11:53  SCV x3  
  148  11:56  SCV  
  148  11:57  SCV  
  148  11:58  SCV  
  154  12:02  SCV  
  74  12:10  SCV x3  
  155  12:13  SCV x2  
  155  12:15  SCV  
  155  12:19  SCV  
  162  12:26  SCV  
  162  12:27  SCV x2  
  165  12:30  SCV x2  
  165  12:32  SCV  
  165  12:36  SCV  
  169  12:43  SCV  
  169  12:44  SCV x2  
  169  12:47  SCV x2  
  169  12:49  SCV  
  175  12:53  SCV  
  176  13:00  SCV  
  176  13:01  SCV x2  
  176  13:04  SCV x2  
  176  13:06  SCV  
  80  13:10  SCV  
  182  13:17  SCV  
  182  13:18  SCV x2  
  186  13:20  SCV  
  186  13:21  SCV  
  186  13:23  SCV  
  186  13:26  SCV  
  190  13:34  SCV  
  190  13:35  SCV x2  
  190  13:37  SCV  
  190  13:38  SCV  
  83  13:40  SCV  
Tags
 
Commander
DehakaRaynor
Matchup
Co-op
Replay Pack
Co-op Speedrun
Add a new tag
Caveats
  • Supply blocks, unpowered buildings, or Contaminate may cause inaccurate times.
  • Supply counts are checked every 10 seconds.